 Dungeon Crawl Stone Soup version 0.31-a0-217-g58bb5d79cf (webtiles) character file.

Game seed: 4543239652089347790

3 CowFu the Caller (level 1, 0/10 HPs)
             Began as a Deep Elf Summoner on July 3, 2023.
             Slain by a quokka (1 damage)
             ... on level 1 of the Dungeon.
             The game lasted 00:00:40 (197 turns).

CowFu the Caller (Deep Elf Summoner)                 Turns: 197, Time: 00:00:40

Health: 0/10       AC:  2    Str:  5    XL:     1   Next: 41%
Magic:  1/6        EV: 12    Int: 19    God:
Gold:   10         SH:  0    Dex: 15    Spells: 5/6 levels left

rFire   . . .        f - +0 short sword
rCold   . . .        (no shield)
rNeg    . . .        a - +0 robe
rPois   .            (no helmet)
rElec   .            (no cloak)
rCorr   .            (no gloves)
SInv    .            (no boots)
Will    .....        (no amulet)
Stlth   ++           (no ring)
HPRegen 0.21/turn    (no ring)
MPRegen 0.10/turn

%: no passive effects
@: no status effects
A: no striking features
a: no special abilities


You were on level 1 of the Dungeon.
You visited 1 branch of the dungeon, and saw 1 of its levels.

You collected 10 gold pieces.

Inventory:

Hand Weapons
 f - a +0 short sword (weapon)
Armour
 a - a +0 robe (worn)
Scrolls
 c - 3 scrolls of blinking {unknown}
 d - a scroll of brand weapon {unknown}
 e - a scroll of identify {unknown}
Potions
 b - a potion of magic


   Skills:
 - Level 2.4 Dodging
 - Level 2.4 Stealth
 - Level 3.0 Spellcasting
 + Level 4.6 Summonings


You had 5 spell levels left.
You knew the following spells:

 Your Spells              Type           Power      Damage    Failure   Level
a - Summon Small Mammal   Summ           80%        N/A       2%          1

Your spell library contained the following spells:

 Spells                   Type           Power      Damage    Failure   Level
 Call Imp                 Summ           40%        N/A       3%          2
 Call Canine Familiar     Summ           20%        N/A       7%          3
 Summon Guardian Golem    Hex/Summ       11%        N/A       19%         3
 Summon Lightning Spire   Summ/Air       11%        N/A       52%         4


Dungeon Overview and Level Annotations

Branches:
Dungeon (1/15)

Altars:


Message History

Your bat misses the quokka.
Your quokka bites the kobold but does no damage.
The quokka barely misses you.
The kobold hits your quokka with a +0 dagger.
You completely miss the quokka.
The quokka is lightly wounded.
The jackal bites you but does no damage.
The jackal misses you.
Your quokka bites the kobold.
The kobold dies!
The quokka closely misses you. The jackal barely misses you. x2
Your bat hits the quokka.
Casting: Summon Small Mammal (safe; 2% risk of failure)
Confirm with . or Enter, or press ? or * to list all spells.
Your quokka disappears in a puff of smoke!
Your bat closely misses the quokka.
The quokka misses you. The jackal closely misses you. The jackal bites you.
The quokka twitches its whiskers.
The quokka misses you.
You completely miss the quokka.
The quokka is moderately wounded.
Your bat barely misses the jackal.
Your bat barely misses the quokka.
The jackal closely misses you.
The jackal bites you but does no damage.
The quokka bites you.
Ouch! That really hurt!
* * * LOW HITPOINT WARNING * * *
Your bat misses the jackal. The jackal attacks as you move away!
The jackal bites you but does no damage.
Your bat closely misses the jackal. x2
The jackal bites you but does no damage.
The jackal closely misses you.
You completely miss the jackal. The jackal barely misses you.
The jackal closely misses you.
Your bat hits the jackal. You barely miss the jackal.
Your bat hits the jackal. x2
The jackal bites you.
* * * LOW HITPOINT WARNING * * *
The jackal closely misses you.
Your bat barely misses the jackal.
The quokka bites you.
You die...

#............# #..
.............###### #...
#.................# #...
#.........#.......# #..
###########.ยง.....# #.#
#### #.......####.#
#...#######)..b........#
..............>hb......#
.[(#:#..#.....h@...#..#
#.#.#...####r....#..#####
#_#..#...##.....#......#
#K#.#.....########.####.#
..#.#......### #.#....####
....h..........#
#.#.......#
.....#####...#.#
#.#........# ....
.......#.######.#.#####..#
.. ........#......#.#.#
....


You could see a quokka (ally target), 2 jackals and 2 friendly bats.

Vanquished Creatures
  A frilled lizard (D:1)
1 creature vanquished.

Vanquished Creatures (collateral kills)
  2 kobolds (D:1)
  A frilled lizard (D:1)
3 creatures vanquished.

Grand Total: 4 creatures vanquished

Notes
Turn   | Place    | Note
-------+----------+-------------------------------------------
     0 | D:1      | CowFu the Deep Elf Summoner began the quest for the Orb.
     0 | D:1      | Reached XP level 1. HP: 10/10 MP: 6/6
   169 | D:1      | Found a faded altar of an unknown god.
   197 | D:1      | Slain by a quokka

Illustrated notes

Levels and vault maps discovered:
D:1:      moated_graveyard_arrival, layout_basic,
          chequers_ecumenical_altar_simple_redux, serial_shops, shop

Action                     || total
---------------------------++-------
  Melee: Unarmed           ||     9
         Short sword       ||     5
   Cast: Summon Small Mamm ||    14
 Armour: Robe              ||     6
  Dodge: Dodged            ||    20

Table legend: (Time is in decaauts)
 A = Elapsed time spent in this place.
 B = Non-inter-level travel time spent in this place.
 C = Inter-level travel time spent in this place.
 D = Time resting spent in this place.
 E = Time spent auto-exploring this place.
 F = Levels seen in this place.
 G = Mean time per level.
                   A        B        C        D        E       F      G
               +--------+--------+--------+--------+--------+-----+--------+
         Total |    196 |    196 |      0 |      0 |     87 |   1 |  196.0 |
       Dungeon |    196 |    196 |      0 |      0 |     87 |   1 |  196.0 |
               +--------+--------+--------+--------+--------+-----+--------+

Top non-repeatable levels by time:
     D:1: 196 daAuts
